 Dungeon Crawl Stone Soup version 0.30-a0-250-g41c1d76940 (webtiles) character file.

Game seed: 4347459742448246636

83 sleeves the Chopper (level 4, 0/39 HPs)
             Began as a Minotaur Cinder Acolyte on Oct 12, 2022.
             Was a High Priest of Ignis.
             Killed from afar by a dart slug (5 damage)
             ... with a slug dart
             ... on level 2 of the Dungeon.
             The game lasted 00:01:59 (954 turns).

sleeves the Chopper (Minotaur Cinder Acolyte)        Turns: 954, Time: 00:02:00

Health: 0/39       AC:  7    Str: 19    XL:     4   Next: 22%
Magic:  4/4        EV:  9    Int: 11    God:    Ignis [*****.]
Gold:   85         SH:  0    Dex:  7    Spells: 5/5 levels left

rFire   + . .      SeeInvis .    a - -1 hand axe (flame)
rCold   . . .      Faith    .    (no shield)
rNeg    . . .      Spirit   .    k - +0 scale mail
rPois   .          Reflect  .    (helmet restricted)
rElec   .          Harm     .    (no cloak)
rCorr   .          Rampage  .    e - +0 pair of gloves
Will    .....                    (no boots)
Stlth   ..........               (no amulet)
HPRegen 0.26/turn                (no ring)
MPRegen 0.09/turn                (no ring)

@: no status effects
A: horns 2, retaliatory headbutt
a: Renounce Religion, Fiery Armour, Foxfire Swarm, Rising Flame


You were on level 2 of the Dungeon.
You worshipped Ignis.
Ignis was extremely pleased with you.
You visited 1 branch of the dungeon, and saw 2 of its levels.

You collected 85 gold pieces.

Inventory:

Hand Weapons
 a - a -1 hand axe of flaming (weapon)
Missiles
 i - 3 javelins (quivered)
 j - 2 boomerangs
Armour
 e - a +0 pair of gloves (worn)
   (You found it on level 1 of the Dungeon)
 k - a +0 scale mail (worn)
   (You found it on level 2 of the Dungeon)
Scrolls
 f - a scroll of noise {unknown}
 h - 3 scrolls of teleportation {unknown}
Potions
 c - a potion of berserk rage {unknown}
 d - a potion of resistance {unknown}
 g - a potion of curing {unknown}


   Skills:
 - Level 3.6 Fighting
 + Level 6.2 Axes
 - Level 1.0 Spellcasting
 - Level 2.1 Fire Magic


You had 5 spell levels left.
You didn't know any spells.
Your spell library contained the following spells:

 Spells                   Type           Power      Damage    Failure   Level
 Scorch                   Fire           10%        2d6       54%         2


Dungeon Overview and Level Annotations

Branches:
Dungeon (2/15)

Altars:


Innate Abilities, Weirdness & Mutations

You have a pair of horns on your head.
You reflexively headbutt those who attack you in melee.


Message History

Welcome, sleeves the Minotaur Cinder Acolyte.
It is said that the Orb of Zot exists deep within this dungeon.
The flames of Ignis gently warm you.
Press ? for a list of commands and other information.
Found a staircase leading out of the dungeon.
You open the door.
There is an open door here.
You open the door.
There is an open door here.
You enter the shallow water.
Moving in this stuff is going to be slow.
Found a robe.
As you open the door, it creaks loudly!
There is an open door here.
You open the door.
There is an open door here.
You open the door.
There is an open door here.
You now have 5 gold pieces.
There is an open door here.
There is an open door here.
There is an open door here.
You open the door.
There is an open door here.
A bat comes into view.
You closely miss the bat. Your headbutt misses the bat.
The bat hits you but does no damage. The bat closely misses you.
The bat barely misses you. You furiously retaliate!
You headbutt the bat, but do no damage. You hit the bat. You burn the bat.
You kill the bat!
No target in view!
No target in view!
No target in view!
No target in view!
No target in view!
No target in view!
No target in view!
You see here a bat corpse.
A goblin comes into view. It is wielding a +0 dagger.
Found a cyan potion.
Found a stone staircase leading down.
The goblin shouts!
You hear a shout!
A goblin is nearby!
A goblin comes into view. It is wielding a +0 club.
The goblin shouts!
The goblin moves out of view.
The goblin hits you but does no damage.
You barely miss the goblin. The goblin hits you but does no damage.
You slash the goblin! You burn the goblin.
You kill the goblin!
Found 7 gold pieces.
The goblin hits you with a +0 club.
You hit the goblin. You burn the goblin. Your headbutt misses the goblin.
The goblin is heavily wounded.
The goblin completely misses you.
You hit the goblin but do no damage.
The goblin is heavily wounded.
The goblin hits you with a +0 club.
You closely miss the goblin.
The goblin is heavily wounded.
The goblin hits you but does no damage.
A kobold comes into view. It is wielding a +0 dagger.
You barely miss the goblin.
The goblin is moderately wounded.
The kobold shouts!
The goblin closely misses you. You furiously retaliate!
You headbutt the goblin.
You kill the goblin!
You see here a +0 robe.
You hit the kobold. You burn the kobold. Your headbutt misses the kobold.
The kobold is severely wounded.
The kobold hits you with a +0 dagger.
A kobold is nearby!
A kobold is nearby!
You hit the kobold. You burn the kobold.
You kill the kobold!
Your Axes skill increases to level 4!
No target in view!
No target in view!
No target in view!
No target in view!
No target in view!
HP restored.
You see here a +0 dagger.
Found a whip.
c - a cyan potion
Found 6 stones.
There is a stone staircase leading down here.
No target in view!
No target in view!
No target in view!
No target in view!
No target in view!
No target in view!
No target in view!
No target in view!
You now have 12 gold pieces (gained 7).
You now have 19 gold pieces (gained 7).
An endoplasm comes into view.
The endoplasm quivers.
An endoplasm is nearby!
An endoplasm is nearby!
You hit the endoplasm. You burn the endoplasm.
You kill the endoplasm!
No target in view!
No target in view!
No target in view!
No target in view!
No target in view!
No target in view!
No target in view!
No target in view!
A frilled lizard comes into view.
The frilled lizard hisses angrily.
A frilled lizard is nearby!
A frilled lizard is nearby!
A frilled lizard is nearby!
You barely miss the frilled lizard. The frilled lizard bites you.
You miss the frilled lizard.
The frilled lizard bites you but does no damage.
You barely miss the frilled lizard. The frilled lizard bites you.
You hit the frilled lizard. You burn the frilled lizard.
You kill the frilled lizard!
No target in view!
No target in view!
No target in view!
A giant cockroach comes into view.
A giant cockroach is nearby!
A giant cockroach is nearby!
You hit the giant cockroach. You burn the giant cockroach.
You kill the giant cockroach!
You have reached level 2!
d - a sedimented dark potion You see here a giant cockroach corpse.
A bat comes into view.
A bat is nearby!
A bat is nearby!
The bat closely misses you.
You barely miss the bat. The bat hits you.
You completely miss the bat. The bat barely misses you. The bat hits you.
The bat closely misses you.
You closely miss the bat. Your headbutt misses the bat. The bat hits you.
A dart slug comes into view.
Found a pair of gloves.
The bat hits you but does no damage. The bat barely misses you. x2
You hit the bat. You burn the bat.
The bat is severely wounded.
The bat barely misses you. The bat hits you but does no damage.
You hit the bat. You burn the bat.
You kill the bat!
The dart slug launches a dart at you. The slug dart hits you.
Found a spear.
You see here a bat corpse.
A dart slug is nearby!
A dart slug is nearby!
A dart slug is nearby!
You barely miss the dart slug. The dart slug bites you.
You hit the dart slug. You burn the dart slug.
You kill the dart slug!
No target in view!
No target in view!
No target in view!
No target in view!
No target in view!
No target in view!
You now have 33 gold pieces (gained 14).
You see here a bat corpse.
e - a +0 pair of gloves You start putting on your armour.
You continue putting on your +0 pair of gloves. x4
You finish putting on your +0 pair of gloves.
A bat comes into view.
Found a scroll labelled NURAES DEAQYAW.
The bat hits you but does no damage.
A bat is nearby!
A bat is nearby!
The bat misses you. The bat hits you but does no damage.
You closely miss the bat. The bat misses you.
The bat hits you but does no damage. The bat closely misses you.
You barely miss the bat. Your headbutt misses the bat.
The bat barely misses you. The bat closely misses you.
You closely miss the bat. The bat hits you but does no damage.
You closely miss the bat. The bat misses you.
The bat hits you but does no damage.
You hit the bat. You burn the bat.
You kill the bat!
No target in view!
No target in view!
No target in view!
f - a scroll labelled NURAES DEAQYAW You see here a bat corpse.
Found 3 stones.
You see here 3 stones.
A goblin comes into view. It is wielding a +0 club.
The goblin shouts!
You hit the goblin. You burn the goblin.
You kill the goblin!
No target in view!
No target in view!
No target in view!
No target in view!
No target in view!
No target in view!
No target in view!
Things that are here:
a +0 club; a goblin corpse An endoplasm comes into view.
Found 11 gold pieces.
An endoplasm is nearby!
An endoplasm is nearby!
The endoplasm quivers.
The endoplasm freezes you.
You are frozen.
You hit the endoplasm but do no damage. You headbutt the endoplasm.
You kill the endoplasm!
No target in view!
No target in view!
No target in view!
No target in view!
No target in view!
You now have 44 gold pieces (gained 11).
You now have 61 gold pieces (gained 17).
An endoplasm comes into view.
The endoplasm quivers.
The endoplasm moves out of view.
An endoplasm is nearby!
The endoplasm closely misses you.
You hit the endoplasm. You burn the endoplasm.
The endoplasm is moderately wounded.
The endoplasm hits you.
You hit the endoplasm. You burn the endoplasm.
The endoplasm is severely wounded.
The endoplasm hits you but does no damage.
The endoplasm barely misses you.
You slash the endoplasm! You burn the endoplasm.
You kill the endoplasm!
No target in view!
No target in view!
No target in view!
g - a pink potion
h - a scroll labelled FAIMIH ICLUPNO
Found 5 javelins.
No target in view!
No target in view!
No target in view!
You see here 5 javelins.
A dart slug comes into view.
Found 4 stones.
The dart slug launches a dart at you. The slug dart hits you.
The dart slug barely misses you. You furiously retaliate!
You headbutt the dart slug. You hit the dart slug. You burn the dart slug.
You kill the dart slug!
No target in view!
No target in view!
No target in view!
No target in view!
No target in view!
No target in view!
i - 5 javelins You see here 4 stones.
A goblin comes into view. It is wielding a +0 dagger.
The goblin shouts!
You see here a dart slug corpse.
A goblin is nearby!
A goblin is nearby!
The goblin hits you with a +0 dagger.
You hit the goblin. You burn the goblin.
You kill the goblin!
No target in view!
No target in view!
No target in view!
No target in view!
No target in view!
No target in view!
No target in view!
A hobgoblin comes into view.
The hobgoblin shouts!
A hobgoblin is nearby!
A hobgoblin is nearby!
The hobgoblin completely misses you.
An endoplasm comes into view.
The endoplasm quivers.
You hit the hobgoblin. You burn the hobgoblin.
Your headbutt misses the hobgoblin.
The hobgoblin is heavily wounded.
The hobgoblin closely misses you.
You hit the hobgoblin. You burn the hobgoblin.
You kill the hobgoblin!
You see here a hobgoblin corpse.
You hit the endoplasm. You burn the endoplasm.
You kill the endoplasm!
Your Axes skill increases to level 5!
No target in view!
No target in view!
You now have 69 gold pieces (gained 8).
Found a short sword.
Found a stone staircase leading down.
A goblin comes into view. It is wielding a +2 dagger of draining.
The goblin shouts!
A quokka comes into view.
You see here a scroll labelled FAIMIH ICLUPNO.
You closely miss the quokka. Your headbutt misses the quokka.
The quokka bites you.
You closely miss the quokka. The quokka misses you. You furiously retaliate!
You headbutt the quokka. You hit the quokka. You burn the quokka.
You kill the quokka!
You hit the goblin but do no damage. Your headbutt misses the goblin.
The goblin misses you.
You barely miss the goblin. You headbutt the goblin.
You kill the goblin!
No target in view!
No target in view!
No target in view!
No target in view!
No target in view!
No target in view!
h - 2 scrolls labelled FAIMIH ICLUPNO (gained 1)
Found 16 gold pieces.
You see here a +2 dagger of draining.
You now have 85 gold pieces (gained 16).
A rat comes into view.
The rat moves out of view.
No target in view!
No target in view!
No target in view!
No target in view!
No target in view!
A rat is nearby!
A rat is nearby!
You barely miss the rat. You headbutt the rat.
You kill the rat!
You have reached level 3!
Your experience leads to an increase in your attributes!
Increase (S)trength, (I)ntelligence, or (D)exterity?
You feel agile. x2
You see here a rat corpse.
Found a stone staircase leading down.
A hobgoblin comes into view.
The hobgoblin shouts!
A hobgoblin is nearby!
You closely miss the hobgoblin. Your headbutt misses the hobgoblin.
The hobgoblin barely misses you.
You hit the hobgoblin. You burn the hobgoblin.
You kill the hobgoblin!
No target in view!
No target in view!
No target in view!
No target in view!
No target in view!
No target in view!
A dart slug comes into view.
A dart slug is nearby!
A dart slug is nearby!
The dart slug launches a dart at you. The slug dart hits you.
You hit the dart slug but do no damage. The dart slug misses you.
You slash the dart slug! You burn the dart slug.
You kill the dart slug!
No target in view!
No target in view!
No target in view!
No target in view!
No target in view!
No target in view!
No target in view!
You see here a dart slug corpse.
There is a stone staircase leading down here.
There is a stone staircase leading down here.
You see here a quokka corpse.
There is a stone staircase leading down here.
Key pressed, stopping explore.
A ball python comes into view.
A ball python is nearby!
You see here a scroll labelled FAIMIH ICLUPNO.
You barely miss the ball python.
The ball python bites you but does no damage.
The ball python barely misses you.
You hit the ball python. You burn the ball python.
You kill the ball python!
No target in view!
No target in view!
No target in view!
No target in view!
No target in view!
No target in view!
No target in view!
No target in view!
No target in view!
h - 3 scrolls labelled FAIMIH ICLUPNO (gained 1)
You see here a ball python corpse.
Done exploring.
Done exploring.
Done exploring.
No target in view!
(D) Dungeon
Where to? (? - help)
You see here a ball python corpse.
You see here a quokka skeleton.
There is a stone staircase leading down here.
You climb downwards.
Found 2 boomerangs.
Found an escape hatch in the floor.
There is a stone staircase leading up here.
A dart slug is nearby!
A dart slug is nearby!
A dart slug is nearby!
A rat and a quokka come into view.
The dart slug bites you.
You hit the dart slug but do no damage. You headbutt the dart slug!
The dart slug is severely wounded.
The dart slug launches a dart at you. The slug dart hits you.
You hit the dart slug but do no damage. You headbutt the dart slug.
You kill the dart slug!
The quokka barely misses you.
You hit the quokka. You burn the quokka.
You kill the quokka!
The rat barely misses you.
You hit the rat. You burn the rat.
You kill the rat!
No target in view!
No target in view!
No target in view!
No target in view!
No target in view!
HP restored.
j - 2 boomerangs
Found a scale mail.
You see here a +0 scale mail.
A bat comes into view.
A bat is nearby!
Found a sling.
The bat barely misses you.
You barely miss the bat. The bat hits you but does no damage.
The bat misses you.
You closely miss the bat. Your headbutt misses the bat.
The bat barely misses you.
You hit the bat. You burn the bat.
The bat is severely wounded.
The bat barely misses you. x2
You hit the bat. You burn the bat.
You kill the bat!
No target in view!
No target in view!
No target in view!
No target in view!
No target in view!
You see here a +0 scale mail.
k - a +0 scale mail You start removing your armour.
You continue taking off your +0 robe. x4
You finish taking off your +0 robe.
You start putting on your armour.
You continue putting on your +0 scale mail. x5
You finish putting on your +0 scale mail.
You drop a +0 robe.
A worm comes into view.
A worm is nearby!
A worm is nearby!
You hit the worm. You burn the worm.
The worm is lightly wounded.
You hit the worm. You burn the worm. You headbutt the worm.
The worm is almost dead.
The worm bites you!
You hit the worm but do no damage.
The worm is severely wounded.
The worm bites you but does no damage.
You hit the worm but do no damage. You headbutt the worm.
You kill the worm!
No target in view!
No target in view!
No target in view!
No target in view!
No target in view!
No target in view!
No target in view!
A giant cockroach comes into view.
A giant cockroach is nearby!
A giant cockroach is nearby!
You closely miss the giant cockroach.
You headbutt the giant cockroach, but do no damage.
The giant cockroach bites you but does no damage.
You slash the giant cockroach! You burn the giant cockroach.
You kill the giant cockroach!
No target in view!
No target in view!
No target in view!
No target in view!
No target in view!
No target in view!
No target in view!
An adder comes into view.
You see here a giant cockroach corpse.
An adder is nearby!
The adder bites you but does no damage. The adder barely misses you.
You barely miss the adder. The adder bites you but does no damage.
You hit the adder. You burn the adder.
The adder is moderately wounded.
The adder bites you but does no damage.
You barely miss the adder.
The adder is moderately wounded.
The adder bites you.
You are poisoned.
The adder poisons you! The adder bites you but does no damage.
You barely miss the adder.
The adder is moderately wounded.
You feel sick. The adder closely misses you.
You barely miss the adder. Your headbutt misses the adder.
The adder is moderately wounded.
You feel sick. The adder barely misses you.
You miss the adder.
The adder is moderately wounded.
You feel sick. The adder bites you but does no damage.
The adder barely misses you. You furiously retaliate!
You headbutt the adder!
You kill the adder!
No target in view!
No target in view!
No target in view!
No target in view!
No target in view!
No target in view!
No target in view!
No target in view!
No target in view!
No target in view!
You feel sick.
You feel sick.
You are no longer poisoned.
A ball python comes into view.
The ball python hisses angrily.
A hobgoblin comes into view.
There are monsters nearby!
There are monsters nearby!
There are monsters nearby!
Unknown command.
A hobgoblin and a goblin come into view.
The hobgoblin shouts!
The goblin shouts!
You hear a shout! x2
A goblin comes into view. It is wielding a +0 dagger.
A quokka comes into view.
Robin of the Strong Arm comes into view.
They are wielding a +0 trident.
Robin shouts!
The goblin shouts!
Robin roars a battlecry!
The goblins go into a battle-frenzy!
The quokka barely misses you.
You hit the quokka. You burn the quokka.
The quokka is severely wounded.
You hit the ball python. You burn the ball python.
You kill the ball python!
A hobgoblin comes into view.
The quokka misses you.
You barely miss the quokka.
The quokka is severely wounded.
The hobgoblin shouts!
You hear a shout!
The quokka bites you but does no damage.
A goblin comes into view. It is wielding a +0 club.
The quokka bites you.
You hit the quokka but do no damage.
The quokka is severely wounded.
You barely miss the hobgoblin.
The hobgoblin hits you but does no damage.
The quokka bites you but does no damage.
You closely miss the quokka. Your headbutt misses the quokka.
The quokka is severely wounded.
You barely miss the goblin. You barely miss the hobgoblin.
You closely miss the hobgoblin. The hobgoblin barely misses you. x2
A goblin comes into view. It is wielding a +0 club.
The goblin barely misses you. You furiously retaliate!
You headbutt the goblin!
You kill the goblin!
The quokka bites you but does no damage.
The goblin shouts!
You hit the quokka. You burn the quokka.
You kill the quokka!
You barely miss the hobgoblin. You closely miss the hobgoblin.
You hear a shout!
Robin drinks a potion.
Robin seems to speed up.
The hobgoblin barely misses you. x2
You hit the goblin but do no damage. You headbutt the goblin.
You kill the goblin!
You hit the hobgoblin. You burn the hobgoblin. You barely miss the hobgoblin.
Robin roars a battlecry!
The hobgoblin hits you. x2
A goblin comes into view. It is wielding a +0 dagger.
Robin throws the goblin at you!
You hit the hobgoblin. You burn the hobgoblin.
You kill the hobgoblin!
You barely miss the hobgoblin. You hit the goblin. You burn the goblin.
You kill the goblin!
The hobgoblin misses you.
You closely miss the hobgoblin. The hobgoblin barely misses you.
Robin throws the goblin at you! The hobgoblin attacks as you move away!
The hobgoblin hits you.
A goblin comes into view. It is wielding a +0 club.
You see here a +0 club.
The goblin attacks as you move away! The goblin misses you.
Robin throws the goblin at you! The goblin hits you but does no damage.
You miss the goblin. Your headbutt misses the goblin.
You hit the hobgoblin but do no damage.
Robin roars a battlecry!
The goblin goes into a battle-frenzy!
The hobgoblin barely misses you. You furiously retaliate!
You headbutt the hobgoblin!
You kill the hobgoblin!
The goblin completely misses you.
You hit the goblin. You burn the goblin.
You kill the goblin!
You hit the hobgoblin but do no damage. Robin closely misses you.
The hobgoblin hits you.
A goblin comes into view. It is wielding a +0 dagger of flaming.
A dart slug comes into view.
Robin says, "Feeling lonely?"
Robin completely misses you.
You aren't carrying any items that you can evoke.
Throw: 5 javelins
Press: ? - help, Q - select action, (/) - cycle Shift-Dir - straight line, f - Robin
Aim: Robin, wielding a +0 trident, wearing a +0 animal skin and wearing a +0 helmet (fast, 61% to hit)
You throw a javelin.
The javelin pierces through the hobgoblin but does no damage.
The javelin pierces through Robin.
Robin is moderately wounded.
The goblin no longer looks unusually strong.
Robin hits you from afar with a +0 trident!
* * * LOW HITPOINT WARNING * * *
The hobgoblin closely misses you. Robin throws the goblin at you!
* * * LOW HITPOINT WARNING * * *
The hobgoblin hits you.
* * * LOW HITPOINT WARNING * * *
The goblin hits you with a +0 dagger.
* * * LOW HITPOINT WARNING * * *
You closely miss the goblin. You hit the hobgoblin. You burn the hobgoblin.
Robin throws the goblin at you!
The hobgoblin hits you but does no damage.
The goblin barely misses you. The goblin hits you but does no damage.
Robin says, "Bow before me, strongest of all the hobgoblins!"
Robin closely misses you.
You closely miss the goblin. You hit the goblin but do no damage.
You hit the hobgoblin. You burn the hobgoblin.
You kill the hobgoblin!
Robin roars a battlecry!
The goblin goes into a battle-frenzy!
The goblin hits you but does no damage. x2
You have reached level 4!
You feel stronger.
Throw: 4 javelins
Press: ? - help, Q - select action, (/) - cycle Shift-Dir - straight line, f/p - Robin
Aim: Robin, wielding a +0 trident, wearing a +0 animal skin and wearing a +0 helmet (moderately wounded, fast, 61% to hit)
You throw a javelin. The javelin barely misses Robin.
Robin hits you but does no damage. The goblin barely misses you. x2
The goblin attacks as you move away! The goblin completely misses you.
You furiously retaliate!
You headbutt the goblin.
You kill the goblin!
The goblin completely misses you. You furiously retaliate!
You headbutt the goblin.
Your Axes skill increases to level 6!
The goblin attacks as you move away! The goblin hits you with a +0 dagger.
* * * LOW HITPOINT WARNING * * *
Robin barely misses you.
You hit Robin. You burn Robin.
Robin is severely wounded.
You hit the goblin. You burn the goblin. Robin closely misses you. x2
You hit Robin. You burn Robin.
Robin is almost dead.
You closely miss the goblin. You barely miss the goblin.
The goblin no longer looks unusually strong.
Robin hits you but does no damage. The goblin barely misses you. x2
You hit Robin. You burn Robin.
You kill Robin!
You hit the goblin. You burn the goblin.
You kill the goblin!
You closely miss the goblin. The goblin closely misses you.
The dart slug launches a dart at you. The slug dart misses you.
You slash the goblin! You burn the goblin.
You kill the goblin!
Unknown command.
Unknown command.
Unknown command.
Unknown command.
Unknown command.
Unknown command.
Unknown command.
Unknown command.
Unknown command.
Unknown command.
Unknown command.
You hit the dart slug. You burn the dart slug.
The dart slug is moderately wounded.
You hit the dart slug but do no damage.
The dart slug is moderately wounded.
The dart slug launches a dart at you.
The slug dart hits you but does no damage.
You hit the dart slug but do no damage.
The dart slug is moderately wounded.
The dart slug launches a dart at you. The slug dart misses you.
You hit the dart slug. You burn the dart slug.
The dart slug is severely wounded.
You completely miss the dart slug.
The dart slug is severely wounded.
The dart slug launches a dart at you. The slug dart hits you.
You die...

.# . .#.# ###.#.#
##.....###
##.........
###.......(..
#.)@w†)......
#.)##.†......
..#####.).g........
........)##........
..#####.###.#####..
#.# #.# .
#†###.####.
##.........
#).##.###.#


You could see a dart slug.

Vanquished Creatures
  Robin (D:2)
  An adder (D:2)
  A worm (D:2)
  4 dart slugs
  2 ball pythons
  4 endoplasms (D:1)
  2 giant cockroaches
  12 goblins
  5 hobgoblins
  A kobold (D:1)
  3 quokkas
  4 bats
  A frilled lizard (D:1)
  2 rats
43 creatures vanquished.

Notes
Turn   | Place    | Note
-------+----------+-------------------------------------------
     0 | D:1      | sleeves the Minotaur Cinder Acolyte began the quest for the
                  | Orb.
     0 | D:1      | Reached XP level 1. HP: 19/19 MP: 1/1
   102 | D:1      | Reached skill level 4 in Axes
   157 | D:1      | Reached XP level 2. HP: 26/26 MP: 2/2
   441 | D:1      | Reached skill level 5 in Axes
   538 | D:1      | Reached XP level 3. HP: 31/31 MP: 3/3
   927 | D:2      | Noticed Robin
   940 | D:2      | HP: 11/31 [Robin/+0 trident (7)]
   940 | D:2      | HP: 5/31 [hobgoblin[Robin] (5)]
   943 | D:2      | Reached XP level 4. HP: 4/39 MP: 4/4
   945 | D:2      | Reached skill level 6 in Axes
   945 | D:2      | HP: 3/39 [goblin/+0 dagger[Robin] (2)]
   948 | D:2      | Killed Robin
   954 | D:2      | Killed from afar by a dart slug

Illustrated notes

Levels and vault maps discovered:
D:1:      sevenhm_arrival_forest_fort_small_5, layout_loops_ring
D:2:      minmay_spotlight, layout_rooms, nicolae_ecumenical_pavilion,
          uniq_robin, uniq_natasha

Skill      XL: |  1  2  3  4 |
---------------+-------------+-----
Axes           | 4 5 6 |  6.2
Fighting       | |  3.6
Spellcasting   | |  1.0
Fire Magic     | |  2.1

Action                   |  1- 3 |  4- 6 || total
-------------------------+-------+-------++-------
Melee: Hand axe          |    82 |     9 ||    91
       Headbutt          |     9 |       ||     9
Throw: Javelin           |     1 |     1 ||     2
Armor: Robe              |    15 |       ||    15
       Scale mail        |    18 |     3 ||    21
Dodge: Dodged            |    54 |    12 ||    66

Table legend: (Time is in decaauts)
 A = Elapsed time spent in this place.
 B = Non-inter-level travel time spent in this place.
 C = Inter-level travel time spent in this place.
 D = Time resting spent in this place.
 E = Time spent auto-exploring this place.
 F = Levels seen in this place.
 G = Mean time per level.
                   A        B        C        D        E       F      G
               +--------+--------+--------+--------+--------+-----+--------+
         Total |    961 |    915 |     46 |      0 |    700 |   2 |  480.5 |
       Dungeon |    961 |    915 |     46 |      0 |    700 |   2 |  480.5 |
               +--------+--------+--------+--------+--------+-----+--------+

Top non-repeatable levels by time:
     D:1: 787 daAuts
     D:2: 174 daAuts
